 Dungeon Crawl Stone Soup version 0.26-a0-966-gd078a86f14 (webtiles) character file.

Game seed: 9050112384666434162

11574 siradein the Thaumaturge (level 11, -2/47 HPs)
             Began as a Spriggan Conjurer on Dec 3, 2020.
             Was an Elder of Vehumet.
             Killed from afar by Harold (11 damage)
             ... with a bolt of acid
             ... on level 1 of the Lair of Beasts on Dec 4, 2020.
             The game lasted 01:40:04 (15752 turns).

siradein the Thaumaturge (Spriggan Conjurer)       Turns: 15752, Time: 01:40:05

Health: -2/47      AC:  5    Str:  0 (1)  XL:     11   Next: 51%
Magic:  2/30       EV: 10    Int: 22      God:    Vehumet [****..]
Gold:   314        SH:  0    Dex: 16      Spells: 16/38 levels left

rFire    . . .     SeeInvis +   v - +3 quarterstaff (chaos)
rCold    . . .     Faith    +   (shield currently unavailable)
rNeg     . . .     Spirit   .   a - +0 robe
rPois    .         Reflect  .   q - +1 hat
rElec    .         Harm     .   (no cloak)
rCorr    .         Rampage  .   (gloves unavailable)
MR       ++...                  (boots unavailable)
Stlth    ++........             b - amulet of faith
HPRegen  0.03/turn              E - ring of wizardry
MPRegen  0.22/turn              y - ring of protection from magic

@: lethally poisoned (-2 -> -9), held, slowed, lost strength, quick
A: very small, unfitting armour, horns 1, yellow scales 1, see invisible,
deterioration 1, speed 3, weak 1
a: Renounce Religion


You were on level 1 of the Lair of Beasts.
You worshipped Vehumet.
Vehumet was greatly pleased with you.
You visited 2 branches of the dungeon, and saw 12 of its levels.
You also visited: Ossuary.

You collected 704 gold pieces.
You spent 390 gold pieces at shops.

Inventory:

Hand Weapons
 v - a +3 quarterstaff of chaos (weapon)
Armour
 a - a +0 robe (worn)
 h - a +0 buckler
 q - a +1 hat (worn)
 w - a +0 cloak
Magical Staves
 u - an uncursed staff of cold
Jewellery
 b - an amulet of faith (around neck)
 y - a ring of protection from magic (right hand)
 D - an uncursed amulet of magic regeneration {unknown}
 E - a ring of wizardry (left hand)
Wands
 t - a wand of digging (3)
 z - a wand of acid (5)
 A - a wand of flame (10)
Scrolls
 c - 2 scrolls of blinking
 d - 3 scrolls of magic mapping
 e - a scroll of fog
 f - 6 scrolls of teleportation
 i - 3 scrolls of enchant weapon
 m - a scroll of fear {unknown}
 n - a scroll of amnesia
 o - 3 scrolls of remove curse
 p - 9 scrolls of identify
Potions
 g - 5 potions of curing
 j - 3 potions of brilliance
 k - a potion of flight
 l - 3 potions of attraction
 r - a potion of haste
 s - 3 potions of heal wounds
 x - a potion of magic
 B - a potion of might
 C - 2 potions of berserk rage
 F - a potion of ambrosia {unknown}
 G - a potion of lignification {unknown}
 H - a potion of resistance {unknown}
 I - a potion of invisibility {unknown}


   Skills:
 + Level 5.2 Dodging
 - Level 3.0 Stealth
 + Level 14.3 Spellcasting
 + Level 10.0 Conjurations
 + Level 3.2 Hexes
 + Level 3.8 Translocations
 + Level 2.5 Earth Magic


You had 16 spell levels left.
You knew the following spells:

 Your Spells              Type           Power        Failure   Level
a - Magic Dart            Conj           ####         1%          1
b - Searing Ray           Conj           ######       1%          2
c - Dazzling Flash        Conj/Hex       #####.       1%          3
d - Fulminant Prism       Conj/Hex       #####.....   1%          4
e - Iskenderun's Mystic   Conj/Tloc      #####...     1%          4
f - Stone Arrow           Conj/Erth      #####.       1%          3
g - Sticky Flame          Conj/Fire      #####...     1%          4
h - Animate Skeleton      Necr           ###...       1%          1

Your spell library contained the following spells:

 Spells                   Type           Power        Failure   Level
 Apportation              Tloc           ####..       1%          1
 Corona                   Hex            ####...      1%          1
 Freeze                   Ice            ###.         1%          1
 Summon Small Mammal      Summ           ###.         1%          1


Dungeon Overview and Level Annotations

Branches:
Dungeon (10/15)            Temple (0/1) D:5            Lair (2/6) D:8
Ossuary (visited)
  Swamp: Lair:2-4    Shoals: Lair:2-4     Snake: Lair:2-4    Spider: Lair:2-4
    Orc: D:9-12

Altars:
Ashenzari
Cheibriados
Elyvilon
Fedhas
Gozag
Kikubaaqudgha
Makhleb
Nemelex Xobeh
Uskayaw
Vehumet
Wu Jian
Yredelemnul
Zin
The Shining One

Shops:
D:5 =   D:9 *

Annotations:
Lair:1 Harold


Innate Abilities, Weirdness & Mutations

You are very small and have problems with some larger weapons.
You are too small for most types of armour.
You have supernaturally acute eyesight. (SInv)
You cover ground extremely quickly.
You have a pair of small horns on your head.
You are partially covered in yellow scales. (AC +2)
Your body sometimes deteriorates upon taking damage.
You are weak. (Str -2)


Message History

Casting: Iskenderun's Mystic Blast (safe; 1% risk of failure)
Confirm with . or Enter, or press ? or * to list all spells.
Aiming: Searing Ray (safe; 1% risk of failure)
Press: ? - help, Shift-Dir - straight line, f - cane toad
Aim: a cane toad (severely wounded)
The searing ray hits the cane toad!
You kill the cane toad!
Vehumet accepts your kill. (Press . to maintain the ray.)
You feel sick.
You feel sick.
Harold throws a throwing net.
The throwing net closely misses you.
You see here a throwing net.
You feel sick.
Harold throws a throwing net.
The throwing net hits you.
You become entangled in the net!
You see here a throwing net.
You struggle against the net.
You struggle against the net.
You feel sick.
Harold zaps a wand.
The bolt of acid hits you!
You die...

######### #.......# ##.......#
#.......## ##......## #.......#
### ##.......# #
##.#############.......#####
###.#.#..#..##..@(P..........####
.................................
...............................†.
....................†............
.................#.@.............
.....................(>..††......
.................................
............#...............####.
....##P###.####P###.......### ##


You could see Harold.

Vanquished Creatures
  A hydra (D:7)
  A two-headed ogre (D:8)
  An unseen horror (D:10)
  Pikel (D:7)
  4 cane toads (Lair:1)
  A troll (D:10)
  Prince Ribbit (D:8)
  4 blink frogs (Lair:1)
  3 wyverns
  2 basilisks
  11 yaks
  Grum (Lair:1)
  5 water moccasins
  Duvessa (D:7)
  3 orc warriors
  2 sky beasts
  4 ogres
  2 phantoms
  3 wolves (Lair:1)
  A centaur (D:9)
  3 lemures (D:7)
  4 bullfrogs
  3 elf zombies (Ossuary)
  Dowan (D:7)
  3 scorpions
  2 howler monkeys
  2 vampire bats (D:7)
  2 centaur zombies
  A quasit (D:8)
  A human zombie (Ossuary)
  4 hounds
  2 centaur skeletons
  6 orc priests
  Crazy Yiuf (D:4)
  A gnoll shaman (D:9)
  9 orc wizards
  An iguana (D:7)
  3 worker ants
  A big kobold zombie (Ossuary)
  3 mummies (Ossuary)
  Robin (D:4)
  3 gnolls (D:9)
  A howler monkey skeleton (D:7)
  15 adders
  2 white imps
  An ooze (D:3)
  7 adder zombies (Ossuary)
  5 worms
  2 dart slugs
  8 leopard geckos
  39 orcs
  3 bat skeletons (D:7)
  3 bat zombies (D:7)
  2 giant cockroaches
  A gnoll zombie (Ossuary)
  14 goblins
  10 hobgoblins
  5 jackals
  7 kobolds
  2 quokkas
  3 ball pythons
  9 bats
  5 frilled lizards
  2 goblin zombies (Ossuary)
  3 hobgoblin zombies (Ossuary)
  6 jackal zombies (Ossuary)
  2 orc zombies (Ossuary)
  2 quokka zombies (Ossuary)
  8 rats
  5 rat zombies (Ossuary)
281 creatures vanquished.

Vanquished Creatures (others)
  2 bushes (D:8)
  76 fulminant prisms
  4 fungi
  18 plants (D:8)
100 creatures vanquished.

Grand Total: 381 creatures vanquished

Notes
Turn   | Place    | Note
-------+----------+-------------------------------------------
     0 | D:1      | siradein the Spriggan Conjurer began the quest for the Orb.
     0 | D:1      | Reached XP level 1. HP: 9/9 MP: 5/5
   256 | D:1      | Reached skill level 3 in Spellcasting
   527 | D:1      | Reached XP level 2. HP: 13/13 MP: 4/7
   830 | D:1      | Learned a level 2 spell: Searing Ray
  1244 | D:1      | Reached XP level 3. HP: 16/16 MP: 2/9
  1453 | D:2      | Found a blossoming altar of Fedhas.
  1939 | D:2      | Reached skill level 4 in Spellcasting
  2762 | D:3      | Reached XP level 4. HP: 21/21 MP: 6/11
  3084 | D:3      | Found a burning altar of Makhleb.
  3536 | D:3      | Found a glowing golden altar of the Shining One.
  3641 | D:3      | Reached XP level 5. HP: 24/24 MP: 8/13
  3705 | D:3      | Reached skill level 5 in Spellcasting
  4135 | D:3      | Learned a level 3 spell: Dazzling Flash
  4352 | D:4      | Noticed Robin
  4489 | D:4      | Killed Robin
  4490 | D:4      | Reached XP level 6. HP: 28/28 MP: 4/15
  4744 | D:4      | Found a runed translucent door.
  4745 | D:4      | Noticed Crazy Yiuf
  4751 | D:4      | Killed Crazy Yiuf
  4752 | D:4      | Reached skill level 6 in Spellcasting
  4925 | D:4      | Found an opulent altar of Gozag.
  5410 | D:4      | Found a glowing silver altar of Zin.
  5410 | D:4      | Found a radiant altar of Vehumet.
  5478 | D:4      | Became a worshipper of Vehumet
  5520 | D:5      | Entered Level 5 of the Dungeon
  5581 | D:5      | Found Qimo's Jewellery Boutique.
  5847 | D:5      | Found a staircase to the Ecumenical Temple.
  5918 | D:5      | Found a sand-covered staircase.
  5931 | Ossuary  | Entered an ossuary
  6233 | Ossuary  | Reached * piety under Vehumet
  6233 | Ossuary  | Offered knowledge of Freeze by Vehumet.
  6241 | Ossuary  | Learned a level 4 spell: Fulminant Prism
  6246 | Ossuary  | Learned a level 4 spell: Iskenderun's Mystic Blast
  6248 | Ossuary  | Learned a level 1 spell: Freeze
  6339 | Ossuary  | Reached skill level 5 in Conjurations
  6339 | Ossuary  | Reached XP level 7. HP: 32/32 MP: 11/18
  6395 | Ossuary  | Reached skill level 7 in Spellcasting
  6837 | Ossuary  | Reached ** piety under Vehumet
  6837 | Ossuary  | Offered knowledge of Shock by Vehumet.
  7423 | D:5      | Lost strength.
  7423 | D:5      | Gained mutation: You are weak. (Str -2) [potion of
                  | mutation]
  7423 | D:5      | Gained mutation: You are partially covered in yellow
                  | scales. (AC +2) [potion of mutation]
  7423 | D:5      | Gained mutation: Your body sometimes deteriorates upon
                  | taking damage. [potion of mutation]
  7423 | D:5      | Gained mutation: You have a pair of small horns on your
                  | head. [potion of mutation]
  7736 | D:6      | Reached skill level 8 in Spellcasting
  8023 | D:6      | Reached XP level 8. HP: 36/36 MP: 14/21
  8240 | D:6      | Found a basalt altar of Yredelemnul.
  8381 | D:7      | Noticed a five-headed hydra
  8675 | D:7      | Killed a five-headed hydra
  8676 | D:7      | Reached skill level 10 in Spellcasting
  8901 | D:7      | Reached XP level 9. HP: 39/39 MP: 19/24
  9028 | D:7      | Offered knowledge of Conjure Flame by Vehumet.
  9140 | D:7      | Noticed Duvessa
  9142 | D:7      | Noticed Dowan
  9170 | D:7      | Killed Duvessa
  9211 | D:7      | Killed Dowan
  9307 | D:7      | Reached *** piety under Vehumet
  9309 | D:7      | Found an ancient bone altar of Kikubaaqudgha.
  9619 | D:7      | Found a hide-covered altar of Uskayaw.
  9641 | D:7      | Found a broken altar of Ashenzari.
  9717 | D:7      | Noticed Pikel
  9735 | D:7      | Killed Pikel
  9736 | D:7      | Reached skill level 11 in Spellcasting
  9989 | D:8      | Noticed Prince Ribbit
  9997 | D:8      | Killed Prince Ribbit
 10132 | D:8      | Offered knowledge of Stone Arrow by Vehumet.
 10259 | D:8      | Reached skill level 12 in Spellcasting
 10327 | D:8      | Learned a level 3 spell: Stone Arrow
 10399 | D:8      | Reached XP level 10. HP: 44/44 MP: 17/27
 10572 | D:8      | Noticed a two-headed ogre
 10625 | D:8      | Killed a two-headed ogre
 10958 | D:8      | Found a snail-covered altar of Cheibriados.
 10976 | D:8      | Found a sparkling altar of Nemelex Xobeh.
 11094 | D:8      | Found a staircase to the Lair.
 11425 | D:8      | Reached skill level 13 in Spellcasting
 11472 | D:8      | Reached **** piety under Vehumet
 11499 | D:8      | Found an ornate altar of the Wu Jian Council.
 11618 | D:9      | Found Xioll's Assorted Antiques.
 11735 | D:5      | Bought an uncursed ring of wizardry for 390 gold pieces
 12108 | D:9      | Offered knowledge of Frozen Ramparts by Vehumet.
 12279 | D:9      | Found a white marble altar of Elyvilon.
 13073 | D:10     | Entered Level 10 of the Dungeon
 13243 | D:10     | Noticed an unseen horror
 13249 | D:10     | Killed an unseen horror
 13497 | D:10     | Reached XP level 11. HP: 47/47 MP: 23/29
 13507 | D:10     | Reached ***** piety under Vehumet
 13507 | D:10     | Offered knowledge of Sticky Flame by Vehumet.
 13513 | D:10     | Learned a level 4 spell: Sticky Flame
 13835 | D:10     | Learned a level 1 spell: Animate Skeleton
 13858 | D:10     | Reached skill level 14 in Spellcasting
 14146 | D:10     | Reached skill level 1 in Hexes
 14146 | D:10     | Reached skill level 1 in Translocations
 14428 | Lair:1   | Entered Level 1 of the Lair of Beasts
 14461 | Lair:1   | Reached skill level 1 in Earth Magic
 14462 | Lair:1   | You fall into a shaft and drop 1 floor!
 14566 | Lair:1   | Noticed Grum
 14630 | Lair:1   | Lost strength.
 14749 | Lair:1   | Killed Grum
 14912 | Lair:1   | Reached skill level 10 in Conjurations
 15266 | Lair:1   | Noticed Harold
 15732 | Lair:1   | Reached skill level 5 in Dodging
 15752 | Lair:1   | Killed from afar by Harold

Illustrated notes

Levels and vault maps discovered:
D:1:      minmay_arrival_diagonal_passages, layout_loops_corners,
          minmay_split_cup_large
D:2:      layout_loops_corners, fedhas_altar_1
D:3:      layout_loops_ring, lemuel_round_altar, tso_oasis_becter,
          saegor_snake_ambush
D:4:      layout_loops_ring, marbit_many_paths,
          gammafunk_temple_overflow_elements, uniq_robin,
          uniq_crazy_yiuf_cottage
D:5:      layout_gridville, temple_hall, serial_shops, nicolae_shop_trees,
          nicolae_ossuary_entry_plus, kennysheep_potato
D:6:      layout_loops_ring, yredelemnul_altar_generic
D:7:      layout_basic, general_overflow_altar, kennysheep_vampire_church,
          cheibrodos_ashenzari_chains, uniq_duvessa, uniq_pikel
D:8:      layout_rooms, lemuel_crystal_altar, nemelex_xobeh_ov_fountains_minmay,
          cheibriados_altar_2, minmay_lair_entry_grove, serial_park_tiny_1,
          serial_park_tiny_pond, uniq_prince_ribbit1
D:9:      layout_roguey, elyvilon_altar_1, serial_shops, shop
D:10:     layout_cave_pools
Lair:1:   layout_hall_layers, uniq_harold, uniq_grum
Lair:2:   layout_regular_city, spider_nest_entry_a

Skill      XL: |  1  2  3  4  5  6  7  8  9 10 11 |
---------------+----------------------------------+-----
Conjurations   | 3 4 5 7 8 9 10 | 10.0
Spellcasting   | 3 4 5 6 8 10 12 13 14 | 14.3
Hexes          | 3 |  3.2
Translocations | 3 |  3.8
Earth Magic    | 2 |  2.5
Dodging        | 5 |  5.2
Stealth        | |  3.0

Action                   |  1- 3 |  4- 6 |  7- 9 | 10-12 || total
-------------------------+-------+-------+-------+-------++-------
Melee: Quarterstaff      |       |       |     3 |     1 ||     4
 Cast: Magic Dart        |    67 |    77 |    89 |    41 ||   274
       Searing Ray       |    16 |    43 |    87 |    50 ||   196
       Fulminant Prism   |       |       |     1 |    76 ||    77
       Iskenderun's Myst |       |       |       |    14 ||    14
  Use: Potion            |     1 |       |     9 |       ||    10
       Scroll            |       |       |    12 |     1 ||    13
Armor: Robe              |       |       |     5 |     5 ||    10
Dodge: Dodged            |     6 |    18 |    40 |    42 ||   106
Block: Buckler           |     2 |     4 |       |       ||     6

Table legend: (Time is in decaauts)
 A = Elapsed time spent in this place.
 B = Non-inter-level travel time spent in this place.
 C = Inter-level travel time spent in this place.
 D = Time resting spent in this place.
 E = Time spent auto-exploring this place.
 F = Levels seen in this place.
 G = Mean time per level.
                   A        B        C        D        E       F      G
               +--------+--------+--------+--------+--------+-----+--------+
         Total |  13335 |  13015 |    320 |    777 |   9953 |  13 | 1025.8 |
       Dungeon |  10670 |  10350 |    320 |    721 |   7781 |  10 | 1067.0 |
          Lair |   1737 |   1737 |      0 |      0 |   1503 |   2 |  868.5 |
       Ossuary |    927 |    927 |      0 |     56 |    667 |   1 |  927.0 |
               +--------+--------+--------+--------+--------+-----+--------+

Top non-repeatable levels by time:
  Lair:1: 1700 daAuts
     D:8: 1536 daAuts
     D:3: 1533 daAuts
     D:9: 1465 daAuts
     D:7: 1233 daAuts
     D:1: 1141 daAuts
 Ossuary: 927 daAuts
     D:4: 908 daAuts
     D:6: 884 daAuts
     D:2: 804 daAuts
     D:5: 646 daAuts
    D:10: 516 daAuts
  Lair:2: 36 daAuts
